 Dungeon Crawl Stone Soup version 0.23.1 (webtiles) character file.

Game seed: 12217063680860615124

133 Borgoz the Skirmisher (level 5, 0/46 HPs)
             Began as a Ghoul Monk on Mar 18, 2019.
             Slain by a goblin
             ... wielding a +2 dagger of electrocution
              (20 damage)
             ... on level 3 of the Dungeon.
             The game lasted 00:02:53 (2173 turns).

Borgoz the Skirmisher (Ghoul Monk)                  Turns: 2173, Time: 00:02:54

Health: 0/46       AC:  5    Str: 15    XL:     5   Next: 16%
Magic:  4/4        EV: 12    Int:  5    God:
Gold:   130        SH:  0    Dex: 12    Spells: 4/4 levels left

rFire    . . .     SeeInvis .   a - +0 short sword
rCold    + . .     Gourm    .   (no shield)
rNeg     + + +     Faith    .   d - +0 ring mail
rPois    ∞         Spirit   .   (no helmet)
rElec    .         Reflect  .   (no cloak)
rCorr    .         Harm     .   (no gloves)
MR       .....                  (no boots)
Stlth    +.........             (no amulet)
HPRegen  0.00/turn              (no ring)
MPRegen  0.09/turn              (no ring)

@: rotting
A: rotting body, claws 1, carnivore, cold resistance 1, negative energy
resistance 3, inhibited regeneration, torment resistance, unbreathing
a: no special abilities


You were on level 3 of the Dungeon.
You were not hungry.

You visited 1 branch of the dungeon, and saw 3 of its levels.

You collected 130 gold pieces.

Inventory:

Hand Weapons
 a - a +0 short sword (weapon)
Missiles
 o - 6 poisoned tomahawks (quivered)
Armour
 d - a +0 ring mail (worn)
Scrolls
 f - a scroll of random uselessness {unknown}
 g - a scroll of enchant armour {unknown}
 h - 2 scrolls of fog {unknown}
 k - 4 scrolls of identify {unknown}
 m - 2 scrolls of immolation {unknown}
 p - 3 scrolls of magic mapping {unknown}
Potions
 b - a potion of degeneration {unknown}
 e - a potion of brilliance {unknown}
 i - 4 potions of curing {unknown}
 j - a potion of mutation {unknown}
 l - a potion of lignification {unknown}
 q - a potion of invisibility {unknown}
Comestibles
 c - 5 rations


   Skills:
 + Level 4.0 Fighting
 * Level 3.6 Short Blades
 * Level 1.5 Armour
 * Level 3.3 Dodging
 + Level 2.6 Stealth


You had 4 spell levels left.
You didn't know any spells.
Your spell library was empty.

Dungeon Overview and Level Annotations

Branches:
Dungeon (3/15)

Altars:
Dithmenos
Fedhas


Innate Abilities, Weirdness & Mutations

Your body is rotting away.
You thrive on raw meat.
You are immune to poison.
You have sharp fingernails.
You are carnivorous and can eat meat at any time.
Your flesh is cold resistant. (rC+)
You are immune to negative energy. (rN+++)
You do not regenerate when monsters are visible.
You are immune to unholy pain and torment.
You can survive without breathing.


Message History

The goblin completely misses you.
A jackal comes into view.
The jackal barks!
You hit the goblin.
The goblin is moderately wounded.
You hear a bark! x2; You hear a shout!
The goblin hits you with a +2 dagger of electrocution.
A jackal comes into view.
You are too injured to fight recklessly!
You are too injured to fight recklessly!
You are too injured to fight recklessly!
You are too injured to fight recklessly!
You are too injured to fight recklessly!
You hit the goblin but do no damage.
The goblin is moderately wounded.
You hit the goblin but do no damage.
The goblin is moderately wounded.
The goblin hits you with a +2 dagger of electrocution.
You are electrocuted!!
You die...

#..... #....
#.... .
#..h...
#...#'#
#..h#.# ###
#..g#'###...
#..@.......
#.......#..
#.).....#
#.......#
#.......#
#.......#
...
#.......#
....
#.......#
.....
#.......#
.....


You could see 2 jackals and a goblin.

Vanquished Creatures
  7 adders
  3 worms (D:2)
  2 dart slugs (D:2)
  2 leopard geckos (D:2)
  A ball python (D:3)
  9 goblins
  8 hobgoblins
  3 jackals (D:3)
  A quokka (D:2)
  6 bats
  3 frilled lizards
  6 kobolds
  6 rats
57 creatures vanquished.

Notes
Turn   | Place    | Note
-------+----------+-------------------------------------------
     0 | D:1      | Borgoz the Ghoul Monk began the quest for the Orb.
     0 | D:1      | Reached XP level 1. HP: 19/19 MP: 0/0
   234 | D:1      | Reached XP level 2. HP: 11/26 MP: 1/1
   893 | D:2      | Reached XP level 3. HP: 23/31 MP: 2/2
  1191 | D:2      | Reached skill level 1 in Armour
  1268 | D:2      | Reached XP level 4. HP: 26/40 MP: 3/3
  1278 | D:2      | Found a blossoming altar of Fedhas.
  1654 | D:2      | Found a shadowy altar of Dithmenos.
  1911 | D:3      | Reached skill level 4 in Fighting
  2116 | D:3      | Reached XP level 5. HP: 23/46 MP: 4/4
  2173 | D:3      | Slain by a goblin

Skill      XL: |  1  2  3  4 |
---------------+-------------+-----
Short Blades   | 3 |  3.6
Armour         | 1 |  1.5
Dodging        | 3 |  3.3
Fighting       | 4 |  4.0
Stealth        | |  2.6

Action                   |  1- 3 |  4- 6 || total
-------------------------+-------+-------++-------
Melee: Short sword       |   136 |   182 ||   318
  Eat: Chunk             |     3 |    11 ||    14
Armor: Ring mail         |    64 |    67 ||   131
Dodge: Dodged            |    94 |   139 ||   233
